 Dungeon Crawl Stone Soup version 0.27-a0-380-g150de4c316 (webtiles) character file.

Game seed: 7389683691313626355

65 nel the Caller (level 4, -3/24 HPs)
             Began as a Tengu Summoner on Feb 17, 2021.
             Killed from afar by Natasha (12 damage)
             ... with a puff of flame
             ... on level 2 of the Dungeon.
             The game lasted 00:09:06 (2313 turns).

nel the Caller (Tengu Summoner)                     Turns: 2313, Time: 00:09:06

Health: -3/24      AC:  4    Str:  9    XL:     4   Next: 13%
Magic:  3/8        EV: 12    Int: 16    God:
Gold:   112        SH:  0    Dex: 14    Spells: 1/7 levels left

rFire    . . .     SeeInvis .   h - +0 spear
rCold    . . .     Faith    .   (no shield)
rNeg     . . .     Spirit   .   f - +0 leather armour
rPois    .         Reflect  .   (helmet restricted)
rElec    .         Harm     .   (no cloak)
rCorr    .         Rampage  .   n - +0 pair of gloves
Will     .....                  (boots unavailable)
Stlth    ++........             (no amulet)
HPRegen  0.08/turn              (no ring)
MPRegen  0.11/turn              (no ring)

@: no status effects
A: beak, talons 3
a: no special abilities


You were on level 2 of the Dungeon.
You visited 1 branch of the dungeon, and saw 3 of its levels.

You collected 112 gold pieces.

Inventory:

Hand Weapons
 b - a +4 quarterstaff of chaos
 g - a +0 dagger
 h - a +0 spear (weapon)
Armour
 a - a +0 robe
 f - a +0 leather armour (worn)
 l - a +1 ring mail of cold resistance
 n - a +0 pair of gloves (worn)
 o - a +2 cloak of preservation
Scrolls
 c - 3 scrolls of identify {unknown}
 d - a scroll of enchant weapon {unknown}
 e - 2 scrolls of amnesia {unknown}
 i - 2 scrolls of immolation {unknown}
Potions
 j - a potion of brilliance
 k - 2 potions of attraction {unknown}
 m - a potion of mutation {unknown}


   Skills:
 - Level 0.8 Fighting
 * Level 2.2 Polearms
 + Level 3.0 Dodging
 - Level 2.0 Stealth
 - Level 2.0 Spellcasting
 + Level 5.4 Summonings


You had one spell level left.
You knew the following spells:

 Your Spells              Type           Power        Failure   Level
a - Summon Small Mammal   Summ           72%          3%          1
b - Call Imp              Summ           18%          4%          2
c - Call Canine Familiar  Summ           18%          10%         3

Your spell library contained the following spells:

 Spells                   Type           Power        Failure   Level
 Summon Guardian Golem    Hex/Summ       10%          28%         3
 Summon Ice Beast         Ice/Summ       10%          67%         4
 Summon Lightning Spire   Summ/Air       10%          67%         4


Dungeon Overview and Level Annotations

Branches:
Dungeon (3/15)

Altars:
Qazlal

Annotations:
D:2 Natasha


Innate Abilities, Weirdness & Mutations

You have a beak for a mouth.
You have claws for feet.


Message History

Orders for allies: a - Attack new target. p - Attack previous target. r - Retreat! s - Stop attacking. g - Guard the area. f - Follow me.
Anything else - Cancel.
Guard this area!
Your quokka disappears in a puff of smoke!
Natasha zaps a wand.
The puff of flame hits you.
Your white imp gestures at Natasha.
The puff of frost hits Natasha!
Unknown command.
You swap places.
Natasha zaps a wand.
The puff of flame hits your white imp!
Your white imp is burned terribly!
Your bat hits Natasha.
Natasha zaps a wand.
The puff of flame misses your bat. The puff of flame hits your white imp!
Your white imp is burned terribly!
Your white imp dies!
Your crimson imp blinks!
Your bat misses Natasha.
Natasha hisses angrily.
Unknown command.
Your bat closely misses Natasha.
Natasha zaps a wand.
The puff of flame hits your bat!
Your bat dies!
Your bat's corpse disappears in a puff of smoke!
You are too injured to fight recklessly!
You are too injured to fight recklessly!
Unknown command.
Unknown command.
Casting: Summon Small Mammal (safe; 3% risk of failure)
Confirm with . or Enter, or press ? or * to list all spells.
A beastly little devil appears in a puff of flame.
You barely miss Natasha.
Natasha is almost dead.
Natasha claws you.
Your crimson imp misses Natasha.
Unknown command.
You barely miss Natasha. You peck Natasha, but do no damage.
Natasha is almost dead.
Natasha zaps a wand.
The puff of flame hits you!
Ouch! That really hurt!
You die...

.####
#.####^≈##..^≈.§≈.......
....#
#.......^^...^^.#######.
###.# ## ####....##### #.
#.# #.#.## #. #.#
#.#.####### #. #.#
#........)# #. ###<###
#5..#####.# #. ...[.h#
########.).#### #.
###.#.# #.....h@.)†....#
#.
.##.#.####....5......##.#
#.
.##.....B..(#####...#...
## ...........##
#....##.. .####.######
#...## # .# #.# ....# ##
#.# .#... # #.# ...# .
S.#


You could see Natasha (ally target) and 2 friendly crimson imps.

Vanquished Creatures
  Terence (D:2)
  4 dart slugs
  2 giant cockroaches
  2 goblins (D:2)
  A hobgoblin (D:2)
  3 jackals (D:2)
  A kobold (D:2)
  A frilled lizard (D:2)
  3 rats
18 creatures vanquished.

Vanquished Creatures (collateral kills)
  Crazy Yiuf (D:2)
  An adder (D:2)
  A dart slug (D:1)
  A giant cockroach (D:1)
  2 goblins
  A jackal (D:2)
  A bat (D:1)
  A frilled lizard (D:2)
  A kobold (D:1)
  3 rats
13 creatures vanquished.

Grand Total: 31 creatures vanquished

Notes
Turn   | Place    | Note
-------+----------+-------------------------------------------
     0 | D:1      | nel the Tengu Summoner began the quest for the Orb.
     0 | D:1      | Reached XP level 1. HP: 10/10 MP: 4/4
     6 | D:1      | Noticed an anaconda
     6 | D:1      | Noticed a worker ant
     6 | D:1      | Noticed a wolf
     7 | D:1      | Noticed a black bear
   565 | D:1      | Reached skill level 5 in Summonings
   741 | D:1      | Reached XP level 2. HP: 11/16 MP: 3/6
  1048 | D:1      | You fall into a shaft and drop 1 floor!
  1057 | D:2      | Found a stormy altar of Qazlal.
  1349 | D:2      | Reached skill level 1 in Polearms
  1357 | D:2      | Reached XP level 3. HP: 20/20 MP: 5/7
  1568 | D:2      | Noticed Terence
  1610 | D:2      | Killed Terence
  1791 | D:2      | Learned a level 2 spell: Call Imp
  1795 | D:2      | Learned a level 3 spell: Call Canine Familiar
  1807 | D:2      | Noticed Natasha
  1873 | D:2      | Found a runed translucent door.
  1874 | D:2      | Noticed Crazy Yiuf
  1895 | D:2      | Killed Crazy Yiuf
  2002 | D:2      | Reached XP level 4. HP: 14/24 MP: 3/8
  2313 | D:2      | Killed from afar by Natasha

Illustrated notes

Levels and vault maps discovered:
D:1:      onia_arrival_zoo_common, layout_loops_corners, serial_forest,
          infiniplex_forest_clump_medium, infiniplex_forest_end_2,
          infiniplex_forest_straight_2, infiniplex_forest_split,
          infiniplex_forest_clump_cross, infiniplex_forest_lined_2
D:2:      layout_loops_ring, grunt_qazlal_sundering, uniq_terence,
          uniq_crazy_yiuf_cottage, uniq_natasha
D:3:      layout_loops_ring, gup_sewer_entry_pipe

Skill      XL: |  1  2  3 |
---------------+----------+-----
Summonings     | 5 |  5.4
Polearms       | 1 2 |  2.2
Dodging        | 3 |  3.0
Fighting       | |  0.8
Stealth        | |  2.0
Spellcasting   | |  2.0

Action                   |  1- 3 |  4- 6 || total
-------------------------+-------+-------++-------
Melee: Unarmed           |    15 |       ||    15
       Kick              |    10 |       ||    10
       Peck              |     6 |     2 ||     8
       Spear             |    60 |     4 ||    64
 Cast: Summon Small Mamm |    38 |     2 ||    40
       Call Imp          |     3 |     3 ||     6
       Call Canine Famil |     1 |       ||     1
  Use: Potion            |     2 |       ||     2
 Stab: Sleeping          |     5 |       ||     5
       Distracted        |     1 |       ||     1
Armor: Robe              |     1 |       ||     1
       Leather armour    |     9 |       ||     9
Dodge: Dodged            |    34 |     1 ||    35

Table legend: (Time is in decaauts)
 A = Elapsed time spent in this place.
 B = Non-inter-level travel time spent in this place.
 C = Inter-level travel time spent in this place.
 D = Time resting spent in this place.
 E = Time spent auto-exploring this place.
 F = Levels seen in this place.
 G = Mean time per level.
                   A        B        C        D        E       F      G
               +--------+--------+--------+--------+--------+-----+--------+
         Total |   2317 |   2301 |     16 |    308 |   1516 |   3 |  772.3 |
       Dungeon |   2317 |   2301 |     16 |    308 |   1516 |   3 |  772.3 |
               +--------+--------+--------+--------+--------+-----+--------+

Top non-repeatable levels by time:
     D:2: 1245 daAuts
     D:1: 1069 daAuts
     D:3: 1 daAuts
